 Dungeon Crawl Stone Soup version 0.23.0 (webtiles) character file.

Game seed: 3221264495899332044

4013 vishdafish the Chopper (level 10, -1/76 HPs)
             Began as a Formicid Arcane Marksman on Feb 15, 2019.
             Was a Follower of Yredelemnul.
             Slain by a two-headed ogre
             ... wielding a +0 giant club
              (29 damage)
             ... on level 9 of the Dungeon.
             The game lasted 00:23:24 (9733 turns).

vishdafish the Chopper (Formicid Arcane Marksman)   Turns: 9733, Time: 00:23:25

Health: -1/76      AC: 10    Str: 15    XL:     10   Next: 47%
Magic:  17/17      EV: 11    Int: 21    God:    Yredelemnul [*.....]
Gold:   808        SH:  8    Dex: 16    Spells: 8/18 levels left

rFire    . . .     SeeInvis +   c - +0 whip (venom)
rCold    . . .     Gourm    .   z - +0 shield
rNeg     . . .     Faith    .   i - +0 ring mail
rPois    .         Spirit   .   (helmet unavailable)
rElec    .         Reflect  .   (no cloak)
rCorr    .         Harm     .   E - +1 pair of gloves
MR       +....                  b - +0 pair of boots
Stlth    +.........             (no amulet)
HPRegen  0.22/turn              y - +5 ring of intelligence
MPRegen  0.15/turn              k - +5 ring of dexterity

@: no status effects
A: permanent stasis, dig shafts and tunnels, four strong arms, antennae 3, claws
1, molten scales 1, blurry vision 1, evolution 1, MP-powered wands
a: Dig, Shaft Self, Animate Remains, Renounce Religion


You were on level 9 of the Dungeon.
You worshipped Yredelemnul.
Yredelemnul was aware of your devotion.
You were hungry.

You visited 1 branch of the dungeon, and saw 9 of its levels.
You also visited: Ossuary.

You collected 808 gold pieces.

Inventory:

Hand Weapons
 a - a +1 hand crossbow
 c - a +0 whip of venom (weapon)
 o - a +0 hand axe
Missiles
 d - 30 bolts
Armour
 b - a +0 pair of boots (worn)
 e - a +0 robe
 i - a +0 ring mail (worn)
 n - a +0 buckler
 z - a +0 shield (worn)
 E - a +1 pair of gloves (worn)
Jewellery
 g - an uncursed ring of protection from cold
 k - a +5 ring of dexterity (right hand)
 u - an uncursed ring of fire
 v - an uncursed ring of see invisible
 x - an uncursed ring of ice
 y - a +5 ring of intelligence (left hand)
 A - an uncursed ring of fire
Wands
 C - a wand of paralysis (12)
Scrolls
 l - a scroll of acquirement {unknown}
 p - 4 scrolls of immolation
 q - 7 scrolls of remove curse
 s - 4 scrolls of enchant armour
 t - 3 scrolls of teleportation
 w - 2 scrolls of enchant weapon
 D - 2 scrolls of summoning {unknown}
 F - 2 scrolls of fear {unknown}
 G - a scroll of magic mapping
Potions
 h - 2 potions of flight
 j - a potion of curing
 m - 2 potions of magic
 r - a potion of invisibility {unknown}
Comestibles
 f - 8 rations


   Skills:
 + Level 6.3 Fighting
 * Level 7.9 Axes
 + Level 6.1 Crossbows
 + Level 1.5 Armour
 - Level 5.2 Dodging
 + Level 1.6 Shields
 - Level 4.7 Spellcasting
 - Level 5.3 Hexes
 + Level 2.7 Translocations


You had 8 spell levels left.
You knew the following spells:

 Your Spells              Type           Power        Failure   Level  Hunger
a - Corona                Hex            ####...      12%         1    None
b - Slow                  Hex            ####....     19%         2    #......
c - Portal Projectile     Hex/Tloc       ###...       52%         3    ##.....
d - Cause Fear            Hex            ####......   75%         4    ####...

Your spell library contained the following spells:

 Spells                   Type           Power        Failure   Level  Hunger
 Inner Flame              Hex/Fire       ###.....     71%         3    ##.....
 Leda's Liquefaction      Hex/Erth       ###.......   98%         4    ####...


Dungeon Overview and Level Annotations

Branches:
Dungeon (9/15)             Temple (0/1) D:6
   Lair: D:8-11         Orc: D:9-12

Altars:
Ashenzari
Dithmenos
Elyvilon
Gozag
Kikubaaqudgha
Makhleb
Okawaru
Ru
Trog
Uskayaw
Vehumet
Wu Jian
Xom
Yredelemnul

Annotations:
D:9 5 runed translucent doors


Innate Abilities, Weirdness & Mutations

You cannot be hasted, slowed, berserked, paralysed or teleported.
You can dig through walls and to a lower floor.
Your four strong arms can wield two-handed weapons with a shield.
You have a pair of large antennae on your head. (SInv)
You have sharp fingernails.
You are partially covered in molten scales. (AC +2)
Scrolls take you a little longer to read.
You evolve.
You expend magic power (3 MP) to strengthen your wands.


Message History

You kill the water moccasin!
Yredelemnul accepts your kill.
You hit the two-headed ogre.
The two-headed ogre is moderately wounded.
You barely miss the two-headed ogre.
The two-headed ogre is moderately wounded.
You feel sick.
The two-headed ogre hits you with a +0 giant club!!
The two-headed ogre hits you with a +0 giant club!
* * * LOW HITPOINT WARNING * * *
Wield which item (- for none, * to show all)? (? for menu, Esc to quit)
Okay, then.
Okay, then.
You feel sick.
Wield which item (- for none, * to show all)? (? for menu, Esc to quit)
Okay, then.
You feel better.
The two-headed ogre hits you with a +0 giant club!!
You die...
Your body rises from the dead as a mindless zombie.

#########...# # #.(.....#...#
#.......##.## #...##'###.#
##### #...##.###.### #...#
#...##.......### {
#...#############.....##
#...##...###....#.....##
+....+.@.'..............
#...##sO.##...........##
#...#....##........####)
#########...####............##
........................).....
......................#..#####
#.....#.....#.....#...#..### #
#.###.#†###.#.###.#........###
#.....#.....#.....#...........


You could see a two-headed ogre and a scorpion.

Vanquished Creatures
  An ugly thing (D:8)
  A troll (D:8)
  Grinder (D:3)
  2 water moccasins
  3 sky beasts
  A hornet zombie (D:8)
  5 ogres
  A necrophage (D:6)
  2 centaurs
  4 bullfrogs
  5 scorpions
  A howler monkey (D:6)
  A bullfrog zombie (D:9)
  2 centaur zombies (Ossuary)
  3 crimson imps
  4 hounds
  3 bullfrog skeletons
  A centaur skeleton (D:4)
  2 human zombies (Ossuary)
  5 orc priests
  4 iguanas
  6 orc wizards
  6 worker ants
  2 big kobold zombies (Ossuary)
  A hound skeleton (D:9)
  2 mummies (Ossuary)
  6 gnolls
  9 adders
  3 shadow imps
  2 oozes
  4 worms
  2 dart slugs
  4 leopard geckos
  39 orcs
  6 bats
  7 giant cockroaches
  7 goblins
  7 hobgoblins
  5 jackals
  3 quokkas
  A ball python (D:6)
  2 frilled lizards (D:4)
  3 gnoll zombies
  A goblin zombie (Ossuary)
  2 hobgoblin zombies (Ossuary)
  11 kobolds
  3 orc zombies (Ossuary)
  7 rats
203 creatures vanquished.

Vanquished Creatures (others)
  4 fungi (D:9)
  2 plants (D:9)
6 creatures vanquished.

Grand Total: 209 creatures vanquished

Notes
Turn   | Place    | Note
-------+----------+-------------------------------------------
     0 | D:1      | vishdafish the Formicid Arcane Marksman began the quest for
                  | the Orb.
     0 | D:1      | Reached XP level 1. HP: 15/15 MP: 2/2
   172 | D:1      | Reached XP level 2. HP: 19/21 MP: 3/3
   283 | D:1      | Learned a level 2 spell: Slow
   298 | D:1      | Reached XP level 3. HP: 25/26 MP: 5/5
   812 | D:2      | Reached XP level 4. HP: 28/33 MP: 6/6
  1055 | D:2      | Reached skill level 1 in Axes
  1348 | D:2      | Found a shadowy altar of Dithmenos.
  1493 | D:3      | Found a white marble altar of Elyvilon.
  1782 | D:3      | Reached XP level 5. HP: 23/38 MP: 8/8
  2091 | D:3      | Found an ancient bone altar of Kikubaaqudgha.
  2478 | D:4      | Reached skill level 2 in Axes
  2708 | D:4      | Noticed Grinder
  2741 | D:3      | Killed Grinder
  2741 | D:3      | Reached skill level 3 in Axes
  2741 | D:3      | Reached XP level 6. HP: 32/47 MP: 8/10
  2741 | D:3      | Reached XP level 7. HP: 35/52 MP: 8/11
  3482 | D:4      | Reached skill level 4 in Axes
  3645 | D:4      | Reached XP level 8. HP: 41/60 MP: 11/13
  3695 | D:4      | Found an iron altar of Okawaru.
  4026 | D:5      | Entered Level 5 of the Dungeon
  4317 | D:4      | Reached skill level 5 in Axes
  4690 | D:5      | Found a radiant altar of Vehumet.
  5254 | D:5      | Reached XP level 9. HP: 66/66 MP: 15/15
  5482 | D:6      | Found a burning altar of Makhleb.
  5482 | D:6      | Found an ornate altar of the Wu Jian Council.
  5509 | D:6      | Reached skill level 6 in Axes
  5716 | D:6      | Reached skill level 5 in Crossbows
  5722 | D:6      | Reached skill level 5 in Fighting
  5868 | D:6      | Found a hide-covered altar of Uskayaw.
  5889 | D:6      | Found a shattered altar of Ashenzari.
  5924 | D:6      | Learned a level 3 spell: Portal Projectile
  5929 | D:6      | Learned a level 4 spell: Cause Fear
  6233 | D:6      | Found a bloodstained altar of Trog.
  6242 | D:6      | Found a basalt altar of Yredelemnul.
  6284 | D:6      | Found a staircase to the Ecumenical Temple.
  6313 | D:6      | Became a worshipper of Yredelemnul the Dark
  6628 | D:7      | Reached skill level 1 in Translocations
  6984 | D:7      | Found a sacrificial altar of Ru.
  6985 | D:7      | Found an opulent altar of Gozag.
  6987 | D:7      | Found a shimmering altar of Xom.
  7780 | D:8      | Found a sand-covered staircase.
  7792 | Ossuary  | Entered an ossuary
  7816 | Ossuary  | Reached * piety under Yredelemnul
  8051 | Ossuary  | Reached skill level 7 in Axes
  8224 | Ossuary  | Reached skill level 5 in Dodging
  8224 | Ossuary  | Reached XP level 10. HP: 76/76 MP: 17/17
  8420 | D:8      | Noticed a red ugly thing
  8452 | D:8      | Killed a red ugly thing
  8452 | D:8      | Reached skill level 5 in Hexes
  8674 | D:8      | Gained mutation: Scrolls take you a little longer to read.
                  | [potion of mutation]
  8674 | D:8      | Gained mutation: You expend magic power (3 MP) to
                  | strengthen your wands. [potion of mutation]
  8674 | D:8      | Gained mutation: You are dopey. (Int -2) [potion of
                  | mutation]
  8674 | D:8      | Gained mutation: You are covered in fur. (AC +1) [potion of
                  | mutation]
  8675 | D:8      | Lost mutation: You are dopey. (Int -2) [potion of mutation]
  8675 | D:8      | Lost mutation: Scrolls take you a little longer to read.
                  | [potion of mutation]
  8675 | D:8      | Gained mutation: You are frail. (-10% HP) [potion of
                  | mutation]
  8675 | D:8      | Gained mutation: You evolve. [potion of mutation]
  8676 | D:8      | Lost mutation: You are frail. (-10% HP) [potion of
                  | mutation]
  8676 | D:8      | Lost mutation: You are covered in fur. (AC +1) [potion of
                  | mutation]
  8676 | D:8      | Gained mutation: Scrolls take you a little longer to read.
                  | [potion of mutation]
  8676 | D:8      | Gained mutation: You are partially covered in molten
                  | scales. (AC +2) [potion of mutation]
  8676 | D:8      | Gained mutation: You have sharp fingernails. [potion of
                  | mutation]
  9257 | D:9      | Found a runed translucent gate.
  9258 | D:9      | Found a runed translucent gate.
  9262 | D:9      | Found a runed translucent door.
  9264 | D:9      | Found the +9 staff of Olgreb {rPois}
  9304 | D:8      | Reached skill level 1 in Armour
  9304 | D:8      | Reached skill level 1 in Shields
  9586 | D:9      | Found a runed translucent gate.
  9607 | D:9      | Found a runed translucent door.
  9702 | D:9      | Noticed a two-headed ogre
  9733 | D:9      | Slain by a two-headed ogre

Skill      XL: |  1  2  3  4  5  6  7  8  9 10 |
---------------+-------------------------------+-----
Dodging        | 2 3 4 5 |  5.2
Hexes          | 4 5 |  5.3
Fighting       | 2 3 4 5 6 |  6.3
Axes           | 1 3 4 5 7 |  7.9
Spellcasting   | 2 3 4 |  4.7
Crossbows      | 3 4 5 6 |  6.1
Translocations | 1 2 |  2.7
Armour         | 1 |  1.5
Shields        | 1 |  1.6

Action                   |  1- 3 |  4- 6 |  7- 9 | 10-12 || total
-------------------------+-------+-------+-------+-------++-------
Melee: Whip              |    79 |   151 |   333 |   101 ||   664
       Hand axe          |       |       |    51 |   112 ||   163
 Fire: Hand crossbow     |    15 |    20 |   208 |    12 ||   255
 Abil: Dig               |       |       |       |     1 ||     1
Evoke: Wand              |       |       |       |     1 ||     1
  Use: Potion            |       |     4 |     4 |     8 ||    16
       Scroll            |       |       |    12 |     2 ||    14
  Eat: Chunk             |       |     6 |     9 |     3 ||    18
       Ration            |       |       |     2 |     1 ||     3
Armor: Robe              |     3 |       |       |       ||     3
       Ring mail         |    36 |    46 |   184 |    65 ||   331
Dodge: Dodged            |    70 |    94 |   295 |   113 ||   572
Block: Buckler           |       |       |       |    18 ||    18
       Shield            |       |       |       |    14 ||    14
